 Dungeon Crawl Stone Soup version 0.22-a0-608-g8a62e23 (webtiles) character file.

1914 vinnietd the Slicer (level 9, 0/55 HPs)
             Began as a Halfling Fighter on July 9, 2018.
             Slain by an orc
             ... wielding a +0 morningstar
              (8 damage)
             ... on level 7 of the Dungeon.
             The game lasted 00:10:25 (7706 turns).

vinnietd the Slicer (Halfling Fighter)              Turns: 7706, Time: 00:10:26

Health: 0/55       AC: 13    Str: 24    XL:     9   Next: 39%
Magic:  18/18      EV:  7    Int:  6    God:
Gold:   430        SH:  9    Dex: 15    Spells: 8/8 levels left

rFire    + . .     SeeInvis .   o - +2 short sword (vamp)
rCold    . . .     Gourm    .   c - +0 shield
rNeg     . . .     Faith    +   y - +3 chain mail {rF+}
rPois    +         Spirit   .   v - +0 helmet
rElec    .         Reflect  .   (no cloak)
rCorr    .         Harm     .   (no gloves)
MR       +....                  A - +0 pair of boots
Stlth    ..........             p - amulet of faith
HPRegen  0.18/turn              x - ring of magical power
MPRegen  0.16/turn              f - ring of poison resistance

@: mighty, very slightly contaminated, heavily drained
A: small, magic resistance 1, mutation resistance 1
a: no special abilities


You were on level 7 of the Dungeon.
You were hungry.

You visited 2 branches of the dungeon, and saw 8 of its levels.

You collected 430 gold pieces.

Inventory:

Hand Weapons
 a - a +0 rapier
 o - a +2 vampiric short sword (weapon)
Missiles
 u - 8 tomahawks (quivered)
Armour
 c - a +0 shield (worn)
 v - a +0 helmet (worn)
 y - a +3 chain mail of fire resistance (worn)
 A - a +0 pair of boots (worn)
Jewellery
 f - a ring of poison resistance (right hand)
 p - an amulet of faith (around neck)
 w - an uncursed ring of ice
 x - a ring of magical power (left hand)
Wands
 t - a wand of random effects (33)
 z - a wand of disintegration (16)
Scrolls
 g - a scroll of remove curse {@r2}
 l - 2 scrolls of identify {@r1}
 n - a scroll of magic mapping
Potions
 b - a potion of agility {unknown}
 d - a potion of curing {@q1}
 e - a potion of degeneration {unknown}
 h - a potion of brilliance
 j - a potion of mutation {!q}
 k - 2 potions of haste {unknown}
 m - 2 potions of flight {unknown}
Comestibles
 q - 7 rations


   Skills:
 - Level 2.6(1.2) Fighting
 + Level 13.5(11.5) Short Blades
 - Level 3.2(1.8) Armour
 - Level 3.2(1.8) Shields


You had 8 spell levels left.
You didn't know any spells.
Your spell library contained the following spells:

 Spells                   Type           Power        Failure   Level  Hunger
 Confuse                  Hex            #.......     100%        3    ####...
 Tukima's Dance           Hex            #.......     100%        3    ####...
 Ensorcelled Hibernation  Hex/Ice        #.....       100%        2    ###....
 Corona                   Hex            #......      100%        1    ##.....
 Dazzling Spray           Conj/Hex       #.....       100%        3    ####...


Dungeon Overview and Level Annotations

Branches:
Dungeon (7/15)             Temple (1/1) D:4

Altars:
Ashenzari
Cheibriados
Dithmenos
Fedhas
Hepliaklqana
Kikubaaqudgha
Makhleb
Nemelex Xobeh
Okawaru
Qazlal
Ru
Sif Muna
Vehumet
Wu Jian
Xom
Yredelemnul
Zin
The Shining One


Innate Abilities, Weirdness & Mutations

You are small and have problems with some larger weapons.
You are somewhat resistant to further mutation.
You are resistant to hostile enchantments. (MR+)


Message History

You feel resistant to hostile enchantments.
You block the wight's attack.
An orc comes into view. It is wielding a morningstar.
The orc shouts!
You hear a shout! x2
The orc moves out of view.
An orc wizard comes into view. It is wielding a dagger.
You see here 9 gold pieces.
Okay, then.
Blink to where?
Press: ? - help, Dir - move target cursor You are very lightly contaminated with residual magic.
As you read the scroll of blinking, it crumbles to dust.
An orc warrior comes into view. It is wielding a flail of protection.
The orc warrior shouts!
You hear a shout!
The orc wizard hits you but does no damage.
An orc wizard comes into view. It is wielding a dagger.
As you read the scroll labeled LAATEU AVOA, it crumbles to dust.
The dust glows dark indigo!
It was a scroll of random uselessness.
The orc hits you with a morningstar!
You die...

#.# #. #.# #... #.#
#.##.# ####... #.#
####.##.######......
#.#
#..............#####
#.# ###.##.##.#####..#
#.# .......#....# #..#
#z# ##.#.....#.# #..#
#.#.##..#.....#.# #..#
#.#.....o@...##.###..#
#$#####o#.............
#.z...o.#.##.##.......
#######.#.##.# ....
..#.#.....#... .
#+#.#......... .
..#..).....#.#
..#....#####.#
#>..#.###.#


You could see 2 orc wizards and an orc.

Vanquished Creatures
  Sigmund (D:5)
  A water moccasin (D:7)
  Menkaure (D:4)
  3 ogres (D:6)
  3 centaurs
  4 bullfrogs
  3 scorpions
  2 wights (D:7)
  A crimson imp (D:6)
  A bullfrog zombie (D:6)
  A quasit (D:6)
  A hound (D:6)
  3 orc wizards (D:6)
  A bullfrog skeleton (D:7)
  An iguana (D:7)
  2 worker ants
  2 hound skeletons
  6 adders
  A howler monkey skeleton (D:5)
  2 shadow imps
  An ooze (D:3)
  6 worms
  A dart slug (D:1)
  2 leopard geckos
  11 orcs
  12 bats
  8 giant cockroaches
  13 hobgoblins
  3 jackals (D:1)
  4 kobolds
  5 quokkas
  6 ball pythons
  3 frilled lizards
  15 goblins
  A leopard gecko skeleton (D:5)
  A quokka skeleton (D:6)
  A quokka zombie (D:6)
  7 rats
140 creatures vanquished.

Notes
Turn   | Place    | Note
-------+----------+-------------------------------------------
     0 | D:1      | vinnietd the Halfling Fighter began the quest for the Orb.
     0 | D:1      | Reached XP level 1. HP: 15/15 MP: 1/1
    49 | D:1      | Reached skill level 3 in Short Blades
    83 | D:1      | Reached XP level 2. HP: 17/20 MP: 2/2
   294 | D:1      | Reached skill level 4 in Short Blades
   294 | D:1      | Reached XP level 3. HP: 25/25 MP: 3/3
   879 | D:2      | Reached XP level 4. HP: 30/30 MP: 4/4
   985 | D:2      | Reached skill level 5 in Short Blades
  1938 | D:3      | Reached XP level 5. HP: 18/35 MP: 5/5
  2112 | D:3      | Found a deep blue altar of Sif Muna.
  2159 | D:3      | Found a deep blue altar of Sif Muna.
  2599 | D:4      | Reached skill level 6 in Short Blades
  3019 | D:4      | Found a staircase to the Ecumenical Temple.
  3251 | Temple   | Entered the Ecumenical Temple
  3514 | D:5      | Entered Level 5 of the Dungeon
  3514 | D:5      | Noticed Sigmund
  3770 | D:5      | Killed Sigmund
  3770 | D:5      | Reached skill level 7 in Short Blades
  3770 | D:5      | Reached XP level 6. HP: 23/41 MP: 6/6
  3917 | D:5      | Noticed Menkaure
  4103 | D:4      | Killed Menkaure
  4103 | D:4      | Reached skill level 8 in Short Blades
  4103 | D:4      | Reached XP level 7. HP: 23/45 MP: 7/7
  4557 | D:5      | Reached skill level 9 in Short Blades
  5466 | D:5      | Found a glowing golden altar of the Shining One.
  5498 | D:5      | Found a burning altar of Makhleb.
  5804 | D:6      | Reached skill level 10 in Short Blades
  5804 | D:6      | Reached XP level 8. HP: 51/51 MP: 8/8
  6153 | D:6      | Reached skill level 11 in Short Blades
  6525 | D:6      | Reached skill level 12 in Short Blades
  6657 | D:6      | Found an ancient bone altar of Kikubaaqudgha.
  6718 | D:6      | Reached XP level 9. HP: 54/55 MP: 9/9
  7204 | D:6      | Got a shimmering robe
  7215 | D:6      | Identified the +2 robe of Ajumum {Stlth+} (You found it on level 6 of the Dungeon)
  7346 | D:7      | Reached skill level 13 in Short Blades
  7697 | D:7      | Gained mutation: You are resistant to hostile enchantments. (MR+) [potion of mutation]
  7706 | D:7      | Slain by an orc

Vault maps used:
D:1:      dpeg_arrival_subterranean_lakeside_camping, skrybe_limestone_x,
          grunt_decor_resistance
D:3:      overflow_temple_1_default, led_sif_pool
D:4:      minmay_temple_entry_trees
D:5:      lightli_temple_of_fire, kennysheep_little_box, first_ration,
          uniq_sigmund, uniq_menkaure
D:6:      kennysheep_mini_moat, minmay_ogre_servants
D:7:      old_standard_altar, the_bakery, hex_intersection
Temple:   minmay_temple_curvy_branch

Skill      XL: |  1  2  3  4  5  6  7  8  9 |
---------------+----------------------------+-----
Short Blades   | 3 4 5 7 8 10 12 13 | 13.5
Fighting       | |  2.6
Armour         | |  3.2
Shields        | |  3.2

Action                   |  1- 3 |  4- 6 |  7- 9 || total
-------------------------+-------+-------+-------++-------
Melee: Rapier            |    99 |       |       ||    99
       Short sword       |     4 |   192 |   376 ||   572
  Use: Scroll            |       |     8 |     5 ||    13
       Potion            |       |     7 |     3 ||    10
  Eat: Ration            |     2 |     1 |     1 ||     4
       Chunk             |       |     4 |     8 ||    12
Armor: Scale mail        |    34 |    52 |    34 ||   120
       Chain mail        |       |       |    80 ||    80
Dodge: Dodged            |    45 |    52 |    69 ||   166
Block: Shield            |    40 |    76 |   117 ||   233

Table legend:
 A = Spawn XP
 B = Non-spawn XP
 C = Spawn XP percentage of total XP
 D = Spawn monster count
 E = Non-spawn monster count
 F = Spawn count percentage of total count
 G = Total turns spent on level
                    A         B        C        D         E        F      G
               +---------+---------+-------+---------+---------+-------+---------
         Total |       0 |    2735 |   0.0 |       0 |     140 |   0.0 |  7706
               +---------+---------+-------+---------+---------+-------+---------
           D:1 |       0 |      65 |   0.0 |       0 |      37 |   0.0 |   850
           D:2 |       0 |      52 |   0.0 |       0 |      23 |   0.0 |   875
           D:3 |       0 |      34 |   0.0 |       0 |      12 |   0.0 |   731
           D:4 |       0 |     214 |   0.0 |       0 |       7 |   0.0 |  1344
           D:5 |       0 |     591 |   0.0 |       0 |      16 |   0.0 |  1751
           D:6 |       0 |    1287 |   0.0 |       0 |      37 |   0.0 |  1312
           D:7 |       0 |     492 |   0.0 |       0 |       8 |   0.0 |   614
               +---------+---------+-------+---------+---------+-------+---------
